 Dungeon Crawl Stone Soup version 0.29.0-7-g18a832c13a (webtiles) character file.

Game seed: 13799034015724175162

34 adizb the Chopper (level 3, 0/29 HPs)
             Began as a Demonspawn Monk on Aug 30, 2022.
             Was a Priest of Trog.
             Slain by a goblin
             ... wielding a +0 club
             ... led by Robin
              (2 damage)
             ... on level 2 of the Dungeon.
             The game lasted 00:03:57 (745 turns).

adizb the Chopper (Demonspawn Monk)                  Turns: 745, Time: 00:03:58

Health: 0/29       AC:  3    Str: 13    XL:     3   Next: 14%
Magic:  3/3        EV: 12    Int: 11    God:    Trog [***...]
Gold:   78         SH:  0    Dex: 15    Spells: 2/2 levels left

rFire   . . .      SeeInvis .   a - +0 hand axe
rCold   . . .      Faith    .   (no shield)
rNeg    . . .      Spirit   .   d - +0 leather armour
rPois   .          Reflect  .   (helmet restricted)
rElec   .          Harm     .   (no cloak)
rCorr   .          Rampage  .   (no gloves)
Will    ++...                   (no boots)
Stlth   ++........              (no amulet)
HPRegen 1.09/turn               (no ring)
MPRegen 0.08/turn               (no ring)

@: strong-willed, regenerating
A: antennae 2
a: Renounce Religion, Berserk, Trog's Hand


You were on level 2 of the Dungeon.
You worshipped Trog.
Trog was most pleased with you.
You visited 1 branch of the dungeon, and saw 2 of its levels.

You collected 78 gold pieces.

Inventory:

Hand Weapons
 a - a +0 hand axe (weapon)
Armour
 b - a +0 robe
 d - a +0 leather armour (worn)
Scrolls
 e - 2 scrolls of identify {unknown}
 f - a scroll of immolation {unknown}
 h - a scroll of fear {unknown}
 i - a scroll of enchant armour {unknown}
 j - a scroll of teleportation {unknown}
 k - a scroll of silence {unknown}
 l - a scroll of fog {unknown}
Potions
 c - 2 potions of ambrosia
 g - a potion of lignification {unknown}
 m - a potion of curing {unknown}


   Skills:
 + Level 3.4 Fighting
 * Level 3.5 Axes
 - Level 2.6 Dodging
 - Level 1.7 Stealth


You had 2 spell levels left.
You didn't know any spells.
Your spell library was empty.

Dungeon Overview and Level Annotations

Branches:
Dungeon (2/15)

Altars:
Trog

Annotations:
D:2 Robin


Innate Abilities, Weirdness & Mutations

You have a pair of antennae on your head.


Message History

3 goblins come into view.
Found a copper wand.
The goblin shouts!
A goblin comes into view. It is wielding a +0 rapier.
You hit the goblin.
The goblin is severely wounded.
You closely miss the goblin. The goblin barely misses you.
The goblin hits you with a +0 dagger.
You hit the goblin.
You kill the goblin!
Trog accepts your kill.
You barely miss the goblin. The goblin barely misses you.
You barely miss the goblin. You hit the goblin.
You kill the goblin!
Trog accepts your kill. The goblin closely misses you.
The goblin barely misses you.
You hit the goblin.
The goblin is severely wounded.
You hit the goblin.
You kill the goblin!
Trog accepts your kill. The goblin barely misses you.
You barely miss the goblin.
The goblin is severely wounded.
The goblin hits you with a +0 club.
You are too injured to fight recklessly!
You are too injured to fight recklessly!
You barely miss the goblin. You closely miss the goblin.
The goblin hits you with a +0 rapier. The goblin hits you with a +0 club.
You hit the goblin.
The goblin is heavily wounded.
You closely miss the goblin. The goblin hits you with a +0 rapier.
* * * LOW HITPOINT WARNING * * *
The goblin hits you with a +0 club.
* * * LOW HITPOINT WARNING * * *
Robin of the Strong Arm comes into view.
They are wielding a +0 mace.
Your skin crawls.
You feel strong-willed. The goblin hits you but does no damage.
The goblin hits you with a +0 club.
You die...

# ... #.# ..
... ##.
#.####.##.#
####
...###...#....
...# #.#.(#
#.###....###
#......#.).#
#......###)##
#......#
#..######
#@######
##......#
#.....gg#
###....#
###.#...#
#....# #.#.#
#....# ..#/#
##...# ####.#
##.## #g# #..#
#.# ##.. ###


You could see Robin (wandering) and 2 goblins.

Vanquished Creatures
  A dart slug (D:1)
  3 endoplasms
  A giant cockroach (D:2)
  4 hobgoblins
  A kobold (D:1)
  A quokka (D:1)
  A ball python (D:2)
  2 bats
  11 goblins
25 creatures vanquished.

Notes
Turn   | Place    | Note
-------+----------+-------------------------------------------
     0 | D:1      | adizb the Demonspawn Monk began the quest for the Orb.
     0 | D:1      | Reached XP level 1. HP: 18/18 MP: 1/1
    59 | D:1      | Found a faded altar of an unknown god.
    76 | D:1      | Prayed at the altar of an unknown god.
    76 | D:1      | Became a worshipper of Trog the Wrathful
    76 | D:1      | Reached * piety under Trog
    76 | D:1      | Reached ** piety under Trog
   215 | D:1      | Gained mutation: You have a pair of small antennae on your
                  | head. [demonic ancestry]
   215 | D:1      | Reached XP level 2. HP: 18/24 MP: 2/2
   609 | D:2      | Reached *** piety under Trog
   725 | D:2      | Gained mutation: You have a pair of antennae on your head.
                  | [demonic ancestry]
   725 | D:2      | Reached XP level 3. HP: 20/29 MP: 3/3
   744 | D:2      | HP: 1/29 [goblin/+0 club[Robin] (4)]
   744 | D:2      | Noticed Robin
   745 | D:2      | Slain by a goblin

Illustrated notes

Levels and vault maps discovered:
D:1:      scummos_arrival_simple_crosswalls, layout_basic,
          hellmonk_ecumenical_altar_lost_god
D:2:      layout_basic, uniq_robin

Skill      XL: |  1 |
---------------+----+-----
Axes           | 3 |  3.5
Fighting       | |  3.4
Dodging        | |  2.6
Stealth        | |  1.7

Action                   || total
-------------------------++-------
Melee: Hand axe          ||    80
       Punch             ||     1
Invok: Trog's Hand       ||     3
 Stab: Sleeping          ||     1
Armor: Leather armour    ||    16
Dodge: Dodged            ||    54
